 Dungeon Crawl Stone Soup version 0.28-a0-1616-g050a50673c (webtiles) character file.

Game seed: 16168680417241686308

29 Shayle the Ducker (level 3, 0/29 HPs)
             Began as a Djinni Warper on Jan 23, 2022.
             Slain by Terence (2 damage)
             ... on level 2 of the Dungeon.
             The game lasted 00:04:32 (2475 turns).

Shayle the Ducker (Djinni Warper)                   Turns: 2475, Time: 00:04:33

Health: 0/29       AC:  3    Str: 10    XL:     3   Next: 32%
Gold:   112        EV: 12    Int: 16    God:
                   SH:  0    Dex: 12

rFire   + + .      SeeInvis .     - Unarmed
rCold   x . .      Faith    .   (no shield)
rNeg    . . .      Spirit   .   a - +0 leather armour
rPois   ∞          Reflect  .   (no helmet)
rElec   .          Harm     .   (no cloak)
rCorr   .          Rampage  .   (no gloves)
Will    .....                   (boots unavailable)
Stlth   +.........              (no amulet)
HPRegen 0.09/turn               (no ring)
MPRegen 0.00/turn               (no ring)

@: flying
A: sickness immunity, fire resistance 2, cold vulnerability 1, float, innate
caster, hp casting, extra vitality 1
a: no special abilities


You were on level 2 of the Dungeon.
You visited 1 branch of the dungeon, and saw 2 of its levels.

You collected 112 gold pieces.

Inventory:

Hand Weapons
 m - a +1 hunting sling of freezing
Missiles
 c - 5 boomerangs of dispersal (quivered)
 g - 4 poisoned darts
 j - 2 datura-tipped darts
Armour
 a - a +0 leather armour (worn)
Jewellery
 l - a ring of protection from fire
Scrolls
 b - a scroll of blinking
 d - a scroll of vulnerability {unknown}
 h - a scroll of identify {unknown}
 k - a scroll of amnesia {unknown}
Potions
 e - 2 potions of heal wounds {unknown}
 f - a potion of degeneration {unknown}
 i - a potion of might {unknown}


   Skills:
 + Level 2.5 Fighting
 - Level 0.7 Throwing
 - Level 1.0 Armour
 + Level 2.8 Dodging
 + Level 1.2 Stealth
 - Level 2.0 Unarmed Combat
 - Level 2.4 Spellcasting


You couldn't memorise any spells.
You knew the following spells:

 Your Spells              Type           Power      Damage    Failure   Level
a - Blink                 Tloc           18%        N/A       16%         2
b - Lesser Beckoning      Tloc           9%         N/A       30%         3
c - Gell's Gravitas       Tloc           9%         N/A       30%         3
d - Teleport Other        Tloc           9%         N/A       30%         3
e - Manifold Assault      Tloc           9%         N/A       95%         5
f - Foxfire               Conj/Fire      36%        2x1d5     10%         1
Your spell library was empty.

Dungeon Overview and Level Annotations

Branches:
Dungeon (2/15)

Altars:
Fedhas

Annotations:
D:2 Terence


Innate Abilities, Weirdness & Mutations

You are immune to sickness and miasma.
You are immune to poison.
Your flesh is very heat resistant. (rF++)
You are vulnerable to cold. (rC-)
You float through the air rather than walking.
You learn spells naturally, not from books.
Your magical power is your life essence.
You have superior vitality. (+4 MHP)


Message History

Terence is moderately wounded.
The foxfire hits Terence but does no damage.
Terence is moderately wounded.
Terence barely misses you.
Casting: Foxfire (safe; 10% risk of failure)
Confirm with . or Enter, or press ? or * to list all spells.
You conjure some foxfire!
Terence barely misses you.
You barely miss Terence.
Terence is moderately wounded.
The foxfire hits Terence but does no damage.
Terence is moderately wounded.
The foxfire hits Terence.
Terence is heavily wounded.
Terence hits you with a +0 short sword!
Casting: Foxfire (safe; 10% risk of failure)
Confirm with . or Enter, or press ? or * to list all spells.
You conjure some foxfire!
Terence hits you with a +0 short sword.
* * * LOW HITPOINT WARNING * * *
You barely miss Terence.
Terence is heavily wounded.
The foxfire hits Terence.
Terence is severely wounded.
The foxfire hits Terence.
Terence is severely wounded.
Terence hits you with a +0 short sword.
* * * LOW HITPOINT WARNING * * *
Casting: Foxfire (safe; 10% risk of failure)
Confirm with . or Enter, or press ? or * to list all spells.
You conjure some foxfire!
* * * LOW HITPOINT WARNING * * *
Terence hits you with a +0 short sword.
* * * LOW HITPOINT WARNING * * *
You closely miss Terence.
Terence is severely wounded.
The foxfire hits Terence but does no damage.
Terence is severely wounded.
The foxfire hits Terence.
Terence is almost dead.
Terence hits you with a +0 short sword.
You die...

#.# #....# #.#
#.#### ##.## #.#
#...# #.#
#######...# #.#
...(..#...#######.#
.####.##.#........#
.# #.##.#.#####..#
.# ##.##.#.# #@@#
.# #.......#
#......<. .#
#..##...# #.####...
.# #..####.# #.# #
.###<.####... ..#
........###### ###
###..##.# #..##.#
#..##.#


You could see Terence.

Vanquished Creatures
  A dart slug (D:1)
  3 endoplasms (D:1)
  3 giant cockroaches
  2 goblins
  5 hobgoblins
  A ball python (D:2)
  2 bats (D:1)
  2 frilled lizards (D:1)
  4 kobolds (D:1)
  2 rats (D:1)
25 creatures vanquished.

Vanquished Creatures (others)
  30 foxfires
30 creatures vanquished.

Grand Total: 55 creatures vanquished

Notes
Turn   | Place    | Note
-------+----------+-------------------------------------------
     0 | D:1      | Shayle the Djinni Warper began the quest for the Orb.
     0 | D:1      | Reached XP level 1. HP: 18/18 MP: 0/0
   461 | D:1      | Reached XP level 2. HP: 3/23 MP: 0/0
  1252 | D:1      | Reached skill level 1 in Stealth
  1578 | D:1      | Reached XP level 3. HP: 24/29 MP: 0/0
  1578 | D:1      | Learned a level 1 spell: Foxfire
  1945 | D:2      | Found a faded altar of an unknown god.
  2087 | D:2      | Found a blossoming altar of Fedhas.
  2462 | D:2      | Noticed Terence
  2475 | D:2      | Slain by Terence

Illustrated notes

Levels and vault maps discovered:
D:1:      lemuel_arrival_rhombus, layout_loops_corners, minmay_tromino_v4_c
D:2:      layout_loops_ring, ebering_ecumenical_altar_petrified, basic_altar,
          kennysheep_generic_room_4, uniq_terence

Skill      XL: |  1  2 |
---------------+-------+-----
Stealth        | 1 |  1.2
Fighting       | |  2.5
Throwing       | |  0.7
Armour         | |  1.0
Dodging        | |  2.8
Unarmed Combat | |  2.0
Spellcasting   | |  2.4

Action                   || total
-------------------------++-------
Melee: Unarmed           ||   137
       Punch             ||     5
 Cast: Foxfire           ||    16
Armor: Leather armour    ||    27
Dodge: Dodged            ||    84

Table legend: (Time is in decaauts)
 A = Elapsed time spent in this place.
 B = Non-inter-level travel time spent in this place.
 C = Inter-level travel time spent in this place.
 D = Time resting spent in this place.
 E = Time spent auto-exploring this place.
 F = Levels seen in this place.
 G = Mean time per level.
                   A        B        C        D        E       F      G
               +--------+--------+--------+--------+--------+-----+--------+
         Total |   2469 |   2404 |     65 |    448 |   1626 |   2 | 1234.5 |
       Dungeon |   2469 |   2404 |     65 |    448 |   1626 |   2 | 1234.5 |
               +--------+--------+--------+--------+--------+-----+--------+

Top non-repeatable levels by time:
     D:1: 1939 daAuts
     D:2: 529 daAuts
